AoeStats
← michaelnaro

MegaRandom

510830256Analyzed
2v2 RM · 18h ago on Oct 2, 2026· 52m 16s· 4 players
Game mode
Random Map
Map size
Medium (4 player)
Population
200
Speed
Normal
Resources
Standard
Victory
Conquest
Starting age
Dark Age
Ending age
Imperial Age
RankedLock teamsTeams togetherTeam positionsShared explorationLock speedFull tech treeHidden civsTurbo modeCheats
Victory
Defeat
🇳🇴 Burgundians · Norway
523
+31
🇷🇺 Mapuche · Russia
500
+21
🇮🇱 Portuguese · Israel
587
-19
🇮🇱 Britons · Israel
580
-19
michaelnaro
3:09 Loom
14:02 Feudal Age
14:24 Horse Collar
14:53 Double-Bit Axe
15:11 Man-at-Arms
16:34 Wheelbarrow
15:56 Gold Mining
17:26 Town Watch
17:39 Arson
25:32 Stone Mining
30:23 Castle Age
28:29 Stone Mining
29:35 Forging
31:43 Hand Cart
31:42 Bow Saw
31:41 Heavy Plow
31:41 Gambesons
32:45 Town Patrol
34:13 Long Swordsman
36:53 Stone Shaft Mining
36:27 Pikeman
38:32 Caravan
40:08 Iron Casting
41:40 Masonry
41:13 Treadmill Crane
48:59 Imperial Age
50:39 Halberdier
53:35 Chemistry
Pablecito
10:40 Feudal Age
11:38 Double-Bit Axe
12:19 Horse Collar
25:35 Castle Age
25:21 Fletching
25:31 Padded Archer Armor
25:33 Scale Mail Armor
25:43 Forging
27:11 Heavy Plow
27:51 Pikeman
31:59 Leather Archer Armor
31:40 Bodkin Arrow
31:10 Man-at-Arms
31:36 Gambesons
32:20 Town Watch
32:21 Loom
33:15 Wheelbarrow
34:36 Elite Skirmisher
34:36 Crossbowman
34:44 Long Swordsman
35:44 Chain Mail Armor
37:10 Ballistics
36:46 Murder Holes
41:10 Imperial Age
chechener
5:28 Horse Collar
12:43 Feudal Age
16:24 Scale Barding Armor
23:56 Gold Mining
24:00 Stone Mining
24:45 Forging
28:03 Gold Shaft Mining
27:39 Heavy Plow
30:36 Castle Age
31:41 Husbandry
31:04 Cavalier
32:12 Chain Barding Armor
32:29 Iron Casting
35:11 Crop Rotation
35:56 Double-Bit Axe
37:18 Wheelbarrow
36:30 Town Watch
42:15 Bow Saw
44:51 Imperial Age
43:24 Burgundian Vineyards
49:08 Paladin
49:26 Elite Coustillier
52:00 Conscription
51:57 Caravan
buba
9:44 Feudal Age
9:37 Loom
14:01 Champi Runner
22:41 Castle Age
22:12 Scale Mail Armor
22:22 Forging
23:57 Double-Bit Axe
23:53 Horse Collar
24:03 Stone Mining
28:04 Chain Mail Armor
28:00 Forging
30:28 Padded Archer Armor
30:18 Fletching
31:36 Forging
31:42 Heavy Plow
31:33 Gold Mining
33:14 Iron Casting
33:05 Champi Warrior
39:34 Imperial Age
39:00 Leather Archer Armor
38:41 Bodkin Arrow
40:36 Butalmapu
42:08 Gold Shaft Mining
42:06 Crop Rotation
41:47 Bow Saw
51:30 Elite Champi Warrior
Connection lost

Rejoining the realm…

Still unreachable

The connection could not be restored.

Session expired

The server has moved on; the page needs a fresh start.